 Dungeon Crawl Stone Soup version 0.28-a0-1594-ga885d4b3d6 (webtiles) character file.

Game seed: 15877300057590216417

21 lonewolfV2 the Stinger (level 2, -1/11 HPs)
             Began as a Felid Venom Mage on Jan 20, 2022.
             Slain by a jackal (2 damage)
             ... on level 1 of the Dungeon.
             The game lasted 00:03:17 (1419 turns).

lonewolfV2 the Stinger (Felid Venom Mage)           Turns: 1419, Time: 00:03:18

Health: -1/11      AC:  1    Str:  4    XL:     2   Next: 65%
Magic:  1/6        EV: 17    Int: 16    God:
Gold:   44         SH:  0    Dex: 16    Spells: 2/5 levels left
                                        Lives:  0   Deaths: 0

rFire   . . .      SeeInvis +   (weapon unavailable)
rCold   . . .      Faith    .   (shield unavailable)
rNeg    . . .      Spirit   .   (armour unavailable)
rPois   .          Reflect  .   (helmet unavailable)
rElec   .          Harm     .   (cloak unavailable)
rCorr   .          Rampage  .   (gloves unavailable)
Will    .....                   (boots unavailable)
Stlth   ++........              (no amulet)
HPRegen 0.03/turn               (no ring)
MPRegen 0.10/turn               (no ring)

@: quick
A: very small, claws 1, fangs 3, see invisible, speed 1, shaggy fur 1, stealthy
paws, no weapons or thrown items, no armour, multi-lived
a: no special abilities


You were on level 1 of the Dungeon.
You visited 1 branch of the dungeon, and saw 1 of its levels.

You collected 44 gold pieces.

Inventory:

Jewellery
 c - an amulet of magic regeneration
Potions
 a - a potion of brilliance {unknown}
 b - a potion of curing {unknown}


   Skills:
 + Level 2.8 Dodging
 + Level 2.8 Stealth
 + Level 2.1 Spellcasting
 + Level 1.5 Transmutations
 + Level 3.2 Poison Magic


You had 2 spell levels left.
You knew the following spells:

 Your Spells              Type           Power      Damage    Failure   Level
a - Sting                 Tmut/Pois      36%        1d4       8%          1
b - Poisonous Vapours     Pois/Air       12%        N/A       16%         2

Your spell library contained the following spells:

 Spells                   Type           Power      Damage    Failure   Level
 Mephitic Cloud           Conj/Pois/Air  5%         N/A       36%         3
 Olgreb's Toxic Radiance  Pois           12%        N/A       47%         4


Dungeon Overview and Level Annotations

Branches:
Dungeon (1/15)

Altars:


Innate Abilities, Weirdness & Mutations

You have sharp claws.
You have razor-sharp teeth.
You have supernaturally acute eyesight. (SInv)
You cover ground quickly. (Speed+)
You are covered in fur. (AC +1)
Your paws help you pounce on unaware monsters.
You are incapable of wielding weapons or throwing items.
You cannot wear armour.
You gain extra lives every three experience levels.


Message History

The jackal barks!
The jackal barks!
Casting: Poisonous Vapours (safe; 16% risk of failure)
Confirm with . or Enter, or press ? or * to list all spells.
Aiming: Poisonous Vapours (safe; 16% risk of failure)
Press: ? - help, Dir - move target, f - jackal
Aim: a jackal Poisonous vapours surround the jackal!
The jackal is poisoned.
The jackal barks!
You hear a shout!
The jackal closely misses you.
You scratch the jackal.
The jackal is heavily wounded.
The jackal misses you. The jackal bites you.
You scratch the jackal but do no damage.
The jackal is severely wounded.
You kill the jackal!
The jackal bites you. The jackal misses you. The jackal bites you.
You scratch the jackal.
The jackal is heavily wounded.
The jackal bites you.
* * * LOW HITPOINT WARNING * * *
The jackal misses you.
You scratch the jackal but do no damage.
You claw the jackal, but do no damage. You bite the jackal.
The jackal is severely wounded.
The jackal barely misses you. The jackal closely misses you.
The jackal barely misses you. The jackal closely misses you.
You barely miss the jackal. Your bite misses the jackal.
The jackal is heavily wounded.
The jackal closely misses you. The jackal bites you.
* * * LOW HITPOINT WARNING * * *
You closely miss the jackal.
The jackal is heavily wounded.
The jackal barely misses you. The jackal bites you.
* * * LOW HITPOINT WARNING * * *
You scratch the jackal but do no damage.
The jackal is heavily wounded.
The jackal misses you. The jackal barely misses you.
The jackal closely misses you. The jackal bites you.
You die...

#.####.........# ###
#...)'.........+ ##..
#.####.........# ## #... #.#
#.........+ .# #.[. #.#
#.........# #.#####... #.#
#####.##### ......#... #.#
#.########......#... #.#
#...............#...
#.########..@h.......#####...
#............h........# #...
################......# #...
#......# .... .......# ....
........# .... .........#
.... ..........# ....
#####......# ....


You could see 2 jackals.

Vanquished Creatures
  2 endoplasms (D:1)
  A giant cockroach (D:1)
  3 goblins (D:1)
  2 hobgoblins (D:1)
  2 jackals (D:1)
  2 ball pythons (D:1)
  5 bats (D:1)
  A frilled lizard (D:1)
  2 kobolds (D:1)
20 creatures vanquished.

Notes
Turn   | Place    | Note
-------+----------+-------------------------------------------
     0 | D:1      | lonewolfV2 the Felid Venom Mage began the quest for the
                  | Orb.
     0 | D:1      | Reached XP level 1. HP: 7/7 MP: 4/4
   599 | D:1      | Reached skill level 3 in Poison Magic
   609 | D:1      | Reached XP level 2. HP: 11/11 MP: 0/6
   984 | D:1      | Learned a level 2 spell: Poisonous Vapours
  1419 | D:1      | Slain by a jackal

Illustrated notes

Levels and vault maps discovered:
D:1:      scummos_arrival_simple_crosswalls, layout_basic

Skill      XL: |  1 |
---------------+----+-----
Poison Magic   | 3 |  3.2
Dodging        | |  2.8
Stealth        | |  2.8
Spellcasting   | |  2.1
Transmutations | |  1.5

Action                   || total
-------------------------++-------
Melee: Unarmed           ||    23
       Bite              ||     2
       Punch             ||     1
 Cast: Sting             ||    26
       Poisonous Vapours ||     7
  Use: Scroll            ||     1
Armor: Skin              ||     2
Dodge: Dodged            ||    40

Table legend: (Time is in decaauts)
 A = Elapsed time spent in this place.
 B = Non-inter-level travel time spent in this place.
 C = Inter-level travel time spent in this place.
 D = Time resting spent in this place.
 E = Time spent auto-exploring this place.
 F = Levels seen in this place.
 G = Mean time per level.
                   A        B        C        D        E       F      G
               +--------+--------+--------+--------+--------+-----+--------+
         Total |   1326 |   1326 |      0 |    699 |    470 |   1 | 1326.0 |
       Dungeon |   1326 |   1326 |      0 |    699 |    470 |   1 | 1326.0 |
               +--------+--------+--------+--------+--------+-----+--------+

Top non-repeatable levels by time:
     D:1: 1326 daAuts
